 Dungeon Crawl Stone Soup version 0.29-a0-338-g1ff7896281 (webtiles) character file.

Game seed: 16849464988637546554

50 Murumi the Skirmisher (level 3, -1/31 HPs)
             Began as a Demigod Fighter on Apr 19, 2022.
             Slain by a hobgoblin
             ... wielding a +0 dagger
             ... led by Robin
              (6 damage)
             ... on level 2 of the Dungeon.
             The game lasted 00:05:20 (1718 turns).

Murumi the Skirmisher (Demigod Fighter)             Turns: 1718, Time: 00:05:20

Health: -1/31      AC:  6    Str: 17    XL:     3   Next: 35%
Magic:  5/5        EV:  9    Int: 10    God:
Gold:   133        SH:  6    Dex: 17    Spells: 2/2 levels left

rFire   . . .      SeeInvis .   a - +0 long sword
rCold   . . .      Faith    .   c - +1 buckler
rNeg    . . .      Spirit   .   b - +0 scale mail
rPois   .          Reflect  .   (no helmet)
rElec   .          Harm     .   (no cloak)
rCorr   .          Rampage  .   (no gloves)
Will    +....                   (no boots)
Stlth   ..........              (no amulet)
HPRegen 0.10/turn               f - ring of willpower
MPRegen 0.09/turn               (no ring)

@: mighty
A: high MP 1, forlorn, divine attributes
a: no special abilities


You were on level 2 of the Dungeon.
You visited 1 branch of the dungeon, and saw 2 of its levels.

You collected 133 gold pieces.

Inventory:

Hand Weapons
 a - a +0 long sword (weapon)
Armour
 b - a +0 scale mail (worn)
 c - a +1 buckler (worn)
Jewellery
 f - a ring of willpower (left hand)
Potions
 d - a potion of might
 g - a potion of flight {unknown}
 h - a potion of mutation {unknown}
 i - a potion of invisibility {unknown}


   Skills:
 - Level 3.0 Fighting
 - Level 2.0 Long Blades
 - Level 3.0 Armour
 + Level 1.5 Dodging
 - Level 1.0 Stealth
 - Level 3.0 Shields


You had 2 spell levels left.
You didn't know any spells.
Your spell library contained the following spells:

 Spells                   Type           Power      Damage    Failure   Level
 Blink                    Tloc           0%         N/A       94%         2
 Summon Guardian Golem    Hex/Summ       0%         N/A       99%         3
 Manifold Assault         Tloc           0%         N/A       100%        5
 Orb of Destruction       Conj           0%         9d5       100%        7
 Spellforged Servitor     Conj/Summ      0%         N/A       100%        7
 Storm Form               Tmut/Air       0%         N/A       100%        7


Dungeon Overview and Level Annotations

Branches:
Dungeon (2/15)

Shops:
D:1 (

Annotations:
D:2 Robin


Innate Abilities, Weirdness & Mutations

You have an increased reservoir of magic. (+10% MP)
You shall have no god before yourself.
Your divine heritage dramatically boosts your attributes as you level up.


Message History

The goblin wields a +0 club.
You block the goblin's attack. The hobgoblin closely misses you.
Robin says, "My army is invincible!"
Robin roars a battlecry!
The goblin goes into a battle-frenzy!
The goblin hits you with a +0 club.
Robin points. "Kill!"
Robin throws the goblin at you! The goblin barely misses you.
The goblin no longer looks unusually strong.
The goblin unwields a +0 club.
The goblin wields a +0 hunting sling.
The goblin shoots a sling bullet.
The sling bullet hits you.
You are too injured to fight recklessly!
You closely miss the goblin. The goblin barely misses you.
You slash the goblin!
You kill the goblin!
The goblin no longer looks unusually strong.
The goblin shoots a sling bullet.
The sling bullet hits you.
The goblin shoots a sling bullet.
You block the sling bullet.
The hobgoblin no longer looks unusually strong.
Robin roars a battlecry!
The goblins go into a battle-frenzy!
The goblin unwields a +0 hunting sling.
The goblin wields a +0 club.
The goblin hits you but does no damage.
You see here a +0 dagger.
You hit the goblin.
The goblin is moderately wounded.
The goblin hits you but does no damage.
You slash the goblin!
You kill the goblin!
You closely miss the hobgoblin.
The hobgoblin hits you with a +0 dagger!
* * * LOW HITPOINT WARNING * * *
You block Robin's attack.
Unknown command.
You feel very mighty all of a sudden. Robin throws the goblin at you!
You block the hobgoblin's attack.
You slash the goblin!
You kill the goblin!
The hobgoblin hits you with a +0 dagger.
You die...

## #. .. #. #.# .##.# ..#.#
#.#.# ########### #.#.#
#........!# #)#.###.#######.#
#@#.....#<.# #.#
###############g..######.#..#.#
##.............g##.#......#..#.#
.†.............g.#.#.........#.#
..)...................†..>..##.#
##..............#.#####.#.####.#
#..............#)#.....#.## #.#
#...........####..........# #)#
#...........# #..........# #.#


You could see Robin, a hobgoblin (strong) and a goblin (strong).

Vanquished Creatures
  A dart slug (D:1)
  5 ball pythons
  4 endoplasms
  4 giant cockroaches
  8 goblins (D:2)
  5 hobgoblins
  8 bats
  3 frilled lizards
  3 kobolds
  3 rats (D:1)
44 creatures vanquished.

Notes
Turn   | Place    | Note
-------+----------+-------------------------------------------
     0 | D:1      | Murumi the Demigod Fighter began the quest for the Orb.
     0 | D:1      | Reached XP level 1. HP: 18/18 MP: 3/3
   464 | D:1      | Reached XP level 2. HP: 16/26 MP: 4/4
   630 | D:1      | Found Zaitayff's Weapon Shoppe.
  1175 | D:2      | Reached skill level 1 in Dodging
  1326 | D:2      | Reached XP level 3. HP: 30/31 MP: 5/5
  1482 | D:2      | Reached skill level 1 in Stealth
  1672 | D:2      | Noticed Robin
  1718 | D:2      | Slain by a hobgoblin

Illustrated notes

Levels and vault maps discovered:
D:1:      dpeg_arrival_connections, layout_basic, serial_shops,
          nicolae_square_shop, shapermc_ecumenical_altar_acropolis,
          minmay_misc_feat_tower, chequers_serial_rivers_micro_b
D:2:      layout_basic, basic_altar, minmay_fountain_box, uniq_robin,
          uniq_jessica

Skill      XL: |  1  2  3 |
---------------+----------+-----
Long Blades    | 2 |  2.0
Fighting       | 3 |  3.0
Armour         | 3 |  3.0
Shields        | 3 |  3.0
Dodging        | 1 |  1.5
Stealth        | 1 |  1.0

Action                   || total
-------------------------++-------
Melee: Long sword        ||   121
  Use: Scroll            ||     6
       Potion            ||     1
Armor: Scale mail        ||    79
Dodge: Dodged            ||    68
Block: Buckler           ||    38

Table legend: (Time is in decaauts)
 A = Elapsed time spent in this place.
 B = Non-inter-level travel time spent in this place.
 C = Inter-level travel time spent in this place.
 D = Time resting spent in this place.
 E = Time spent auto-exploring this place.
 F = Levels seen in this place.
 G = Mean time per level.
                   A        B        C        D        E       F      G
               +--------+--------+--------+--------+--------+-----+--------+
         Total |   1762 |   1677 |     85 |      0 |   1338 |   2 |  881.0 |
       Dungeon |   1762 |   1677 |     85 |      0 |   1338 |   2 |  881.0 |
               +--------+--------+--------+--------+--------+-----+--------+

Top non-repeatable levels by time:
     D:1: 1237 daAuts
     D:2: 524 daAuts
